 Dungeon Crawl Stone Soup version 0.31-a0-246-g8cbcc1cb85 (webtiles) character file.

Game seed: 9963109993202414016

79 qw the Shooter (level 4, 0/36 HPs)
             Began as a Minotaur Hexslinger on July 12, 2023.
             Slain by an orc wizard
             ... wielding a +0 dagger
              (2 damage)
             ... on level 3 of the Dungeon.
             The game lasted 00:00:40 (1678 turns).

qw the Shooter (Minotaur Hexslinger)                Turns: 1678, Time: 00:00:40

Health: 0/36       AC:  5    Str: 12    XL:     4   Next: 16%
Magic:  4/4        EV: 11    Int: 10    God:
Gold:   86         SH:  0    Dex: 15    Spells: 4/5 levels left

rFire   . . .        Y - +1 sling
rCold   . . .        (no shield)
rNeg    . . .        f - +0 ring mail
rPois   .            (helmet restricted)
rElec   .            (no cloak)
rCorr   .            (no gloves)
SInv    .            (no boots)
Will    .....        b - amulet of the acrobat
Stlth   +            (no ring)
HPRegen 0.26/turn    (no ring)
MPRegen 0.09/turn

%: acrobat
@: no status effects
A: horns 2, retaliatory headbutt
a: no special abilities


You were on level 3 of the Dungeon.
You visited 1 branch of the dungeon, and saw 3 of its levels.

You collected 112 gold pieces.
You spent 26 gold pieces at shops.


Innate Abilities, Weirdness & Mutations

You have a pair of horns on your head.
You reflexively headbutt those who attack you in melee.


   Skills:
 - Level 2.0 Fighting
 + Level 4.3 Ranged Weapons
 - Level 1.5 Armour
 - Level 2.1 Dodging
 - Level 1.0 Spellcasting
 - Level 2.0 Hexes


You had 4 spell levels left.
You knew the following spells:

 Your Spells              Type           Power      Damage    Failure   Level
a - Slow                  Hex            16%        N/A       32%         1

Your spell library contained the following spells:

 Spells                   Type           Power      Damage    Failure   Level
 Inner Flame              Hex/Fire       2%         N/A       83%         3
 Portal Projectile        Hex/Tloc       4%         N/A       83%         3
 Cause Fear               Hex            2%         N/A       97%         4

Inventory:

Hand Weapons
 Y - a +1 sling (weapon)
Armour
 f - a +0 ring mail (worn)
Jewellery
 b - an amulet of the acrobat (around neck)
Scrolls
 a - 3 scrolls of identify
 d - a scroll of amnesia {unknown}
 h - 2 scrolls of teleportation
Potions
 c - a potion of haste {unknown}
 e - a potion of curing {unknown}
 g - a potion of resistance {unknown}
 i - a potion of heal wounds

Dungeon Overview and Level Annotations

Branches:
Dungeon (3/15)

Altars:

Shops:
D:3 ?


Message History

The orc wizard hits you but does no damage.
The orc barely misses you.
You shoot a sling bullet.
The sling bullet barely misses the orc wizard.
The orc hits you with a +0 mace. The orc wizard barely misses you.
You shoot a sling bullet.
The sling bullet hits the orc wizard but does no damage.
The orc barely misses you. You furiously retaliate!
You headbutt the orc!
You kill the orc!
The orc wizard hits you but does no damage.
You shoot a sling bullet. The sling bullet hits the orc wizard.
The orc wizard is lightly wounded.
The orc wizard hits you with a +0 dagger. x2
You shoot a sling bullet.
The sling bullet closely misses the orc wizard.
The orc wizard hits you with a +0 dagger.
You shoot a sling bullet. The sling bullet hits the orc wizard.
The orc wizard is moderately wounded.
The orc wizard casts a spell.
The orc wizard flickers and vanishes!
Deactivating autopickup; reactivate with Ctrl-A.
You shoot a sling bullet. Something hits you. x2
You shoot a sling bullet. Something hits you.
You shoot a sling bullet. Something hits you but does no damage.
You shoot a sling bullet. Something hits you. x2
You shoot a sling bullet.
You hear some strange, mumbled words.
Something tries to affect you, but you resist.
You shoot a sling bullet. Something hits you. x2
You shoot a sling bullet. Something hits you but does no damage.
You shoot a sling bullet. You shoot a sling bullet. Something hits you.
You die...

..# #.# #
#.# #....##
##.#.#.##
#...)...#
#.#)#.#
#{@).#
##.#.#
#.#.# #.#.#
#.#.# #.#.#
#####
#.#.###.(.#
#.........#
###...#...#


There were no monsters in sight!

Vanquished Creatures
  2 adders (D:2)
  A worm (D:2)
  3 dart slugs
  4 orcs (D:3)
  7 bats
  2 endoplasms
  A giant cockroach (D:1)
  3 goblins (D:2)
  3 hobgoblins
  4 jackals (D:2)
  2 quokkas
  6 ball pythons
  3 frilled lizards
  2 kobolds
  6 rats
49 creatures vanquished.

Notes
Turn   | Place    | Note
-------+----------+-------------------------------------------
     0 | D:1      | qw the Minotaur Hexslinger began the quest for the Orb.
     0 | D:1      | Reached XP level 1. HP: 16/16 MP: 1/1
     0 | D:1      | 0 ||| qw: Version: 0.3-a-52-g30416fa
     0 | D:1      | 0 ||| qw: Game counter: 6423
     0 | D:1      | 0 ||| qw: Melee chars always use a shield: true
     0 | D:1      | 0 ||| qw: God list: Okawaru
     0 | D:1      | 0 ||| qw: Allow faded altars: false
     0 | D:1      | 0 ||| qw: Do Orc after clearing Dungeon:15 true
     0 | D:1      | 0 ||| qw: Do second Lair branch before Depths: true
     0 | D:1      | 0 ||| qw: Lair rune preference: random
     0 | D:1      | 0 ||| qw: Goals: Normal
     0 | D:1      | 0 ||| PLANNING D:1-11
    54 | D:1      | Reached skill level 3 in Ranged Weapons
    73 | D:1      | Reached XP level 2. HP: 23/23 MP: 2/2
   517 | D:1      | 517 ||| UPGRADING to +0 ring mail.
   527 | D:1      | 527 ||| DROPPING +0 robe.
   528 | D:1      | 528 ||| READING scroll labelled DESEOJ KOUCELA.
   529 | D:1      | 529 ||| DROPPING scroll of poison.
   722 | D:2      | Reached XP level 3. HP: 29/29 MP: 3/3
   857 | D:2      | Reached skill level 4 in Ranged Weapons
  1133 | D:2      | Reached skill level 1 in Armour
  1204 | D:2      | 1204 ||| UPGRADING to amulet of the acrobat.
  1209 | D:2      | 1209 ||| READING scroll labelled HAYLOPR ABUCS.
  1264 | D:2      | 1264 ||| READING scroll labelled RELOBB EPIA.
  1365 | D:2      | 1365 ||| READING scroll labelled VAUV METWEDDAPTUKK.
  1370 | D:2      | 1370 ||| READING scroll labelled UFEUGE CEHEOS.
  1371 | D:2      | 1371 ||| DRINKING 2 fizzy silvery potions.
  1401 | D:2      | 1401 ||| DRINKING 2 puce potions.
  1402 | D:2      | 1402 ||| DROPPING potion of lignification.
  1429 | D:3      | Found Mexeneod's Magic Scroll Emporium.
  1435 | D:3      | 1435 ||| SHOPLISTING scroll of acquirement (676 gold, have
                  | 98).
  1435 | D:3      | 1435 ||| SHOPLISTING scroll of brand weapon (123 gold, have
                  | 98).
  1435 | D:3      | 1435 ||| BUYING scroll of identify (26 gold).
  1435 | D:3      | Bought a scroll of identify for 26 gold pieces
  1554 | D:3      | Reached XP level 4. HP: 36/36 MP: 4/4
  1671 | D:3      | HP: 9/36 [something (2)]
  1673 | D:3      | HP: 3/36 [something (4)]
  1675 | D:3      | HP: 1/36 [something (2)]
  1678 | D:3      | Slain by an orc wizard

Levels and vault maps discovered:
D:1:      lightli_iron_boxes, layout_basic, grunt_decor_junction,
          feat_on_display
D:2:      layout_loops_cross, kennysheep_doodads, minmay_split_cup_large
D:3:      layout_loops_ring, serial_shops, shop

Skill      XL: |  1  2  3 |
---------------+----------+-----
Ranged Weapons | 3 4 |  4.3
Fighting       | 2 |  2.0
Armour         | 1 |  1.5
Dodging        | |  2.1
Spellcasting   | |  1.0
Hexes          | |  2.0

Action                     |  1- 3 |  4- 6 || total
---------------------------+-------+-------++-------
   Fire: Sling             |   115 |    30 ||   145
    Use: Scroll            |     5 |       ||     5
         Potion            |     2 |       ||     2
 Armour: Ring mail         |    17 |     8 ||    25
         Robe              |     1 |       ||     1
  Dodge: Dodged            |    33 |     8 ||    41

Table legend:
 A = Non-vault XP
 B = Vault XP
 C = Vault XP percentage of total XP
 D = Non-vault monster count
 E = Vault monster count
 F = Vault count percentage of total count
                 A         B        C        D         E       F
            +---------+---------+-------+---------+---------+-------
      Total |      96 |      17 |  15.0 |      45 |       4 |   8.2
            +---------+---------+-------+---------+---------+-------
        D:1 |      26 |       0 |   0.0 |      17 |       0 |   0.0
        D:2 |      44 |      17 |  27.9 |      17 |       4 |  19.0
        D:3 |      26 |       0 |   0.0 |      11 |       0 |   0.0
            +---------+---------+-------+---------+---------+-------
